 Dungeon Crawl Stone Soup version 0.19.1 (webtiles) character file.

111 Dfrag the Firebug (level 4, -2/30 HPs)
             Began as a Demonspawn Fire Elementalist on Nov 29, 2016.
             Slain by Sigmund
             ... wielding a +0 scythe
              (6 damage)
             ... on level 2 of the Dungeon.
             The game lasted 00:03:11 (2115 turns).

Dfrag the Firebug (Demonspawn Fire Elementalist)    Turns: 2115, Time: 00:03:11

Health: -2/30      AC:  2    Str:  9    XL:     4   Next: 62%
Magic:  4/7        EV: 13    Int: 17    God:
Gold:   49         SH:  0    Dex: 13    Spells: 3 memorised, 1 level left

rFire  . . .     SeeInvis .     o - +1 spear (pierce)
rCold  . . .     Gourm    .     a - +0 robe
rNeg   . . .     Faith    .     (no shield)
rPois  .         Spirit   .     (no helmet)
rElec  .         Reflect  .     (no cloak)
rCorr  .         Harm     .     (no gloves)
MR     .....                    (no boots)
Stlth  ++++......               (no amulet)
                                (no ring)
                                (no ring)

@: starving
A: nightstalker 2
a: no special abilities


You were on level 2 of the Dungeon.
You were starving.

You visited 1 branch of the dungeon, and saw 2 of its levels.

You collected 49 gold pieces.

Inventory:

Hand Weapons
 o - a +1 spear of piercing (weapon)
Missiles
 e - 2 tomahawks of dispersal (quivered)
Armour
 a - a +0 robe (worn)
Scrolls
 d - a scroll of noise {unknown}
 f - a scroll of remove curse {unknown}
 h - 2 scrolls of immolation {unknown}
 k - a scroll of blinking {unknown}
 m - a scroll of identify {unknown}
 n - a scroll of recharging {unknown}
 p - a scroll of amnesia {unknown}
 r - a scroll of enchant weapon {unknown}
 t - a scroll of teleportation {unknown}
Potions
 g - 2 potions of heal wounds {unknown}
 j - a potion of lignification {unknown}
 l - a potion of brilliance {unknown}
 q - a potion of degeneration {unknown}
Books
 b - a book of Flames

   Spells                             Type                      Level
   a - Flame Tongue                   Conjuration/Fire             1
   b - Throw Flame                    Conjuration/Fire             2
   c - Conjure Flame                  Conjuration/Fire             3
   d - Inner Flame                    Hexes/Fire                   3
   e - Sticky Flame                   Conjuration/Fire             4
   f - Fireball                       Conjuration/Fire             5
 i - a book of Minor Magic

   Spells                             Type                      Level
   a - Magic Dart                     Conjuration                  1
   b - Blink                          Translocation                2
   c - Call Imp                       Summoning                    2
   d - Repel Missiles                 Charms/Air                   2
   e - Slow                           Hexes                        2
   f - Conjure Flame                  Conjuration/Fire             3
   g - Mephitic Cloud                 Conjuration/Poison/Air       3
 s - a book of Misfortune

   Spells                             Type                      Level
   a - Confusing Touch                Hexes                        1
   b - Confuse                        Hexes                        3
   c - Gell's Gravitas                Hexes/Translocation          3
   d - Petrify                        Transmutation/Earth          4
   e - Metabolic Englaciation         Hexes/Ice                    5
   f - Yara's Violent Unravelling     Hexes/Transmutation          5
Comestibles
 c - a bread ration


   Skills:
 + Level 0.2 Fighting
 + Level 0.8 Polearms
 + Level 2.4 Dodging
 + Level 2.3 Stealth
 + Level 0.1 Unarmed Combat
 + Level 2.6 Spellcasting
 + Level 2.0 Conjurations
 + Level 3.3 Fire Magic


You had one spell level left.
You knew the following spells:

 Your Spells              Type           Power        Failure   Level  Hunger
a - Flame Tongue          Conj/Fire      ##...        10%         1    #......
b - Conjure Flame         Conj/Fire      ##......     21%         3    ###....
c - Mephitic Cloud        Conj/Pois/Air  #.......     47%         3    ###....


Dungeon Overview and Level Annotations

Branches:
Dungeon (2/15)

Altars:

Annotations:
D:2 Sigmund


Innate Abilities, Weirdness & Mutations

You are significantly more attuned to the shadows.


Message History

There is a stone staircase leading down here.
Sigmund hits you with a scythe!
* * * LOW HITPOINT WARNING * * *
You hit Sigmund but do no damage.
Sigmund is severely wounded.
You closely miss Sigmund.
Sigmund is severely wounded.
Sigmund screams, "I am the angel of ZOT!!!"
Sigmund closely misses you.
You hit Sigmund but do no damage.
Sigmund is severely wounded.
Sigmund hits you with a scythe.
* * * LOW HITPOINT WARNING * * *
You hit Sigmund.
Sigmund is almost dead.
Sigmund mumbles some strange words.
Sigmund flickers and vanishes!
Deactivating autopickup; reactivate with Ctrl-A.
You hit something but do no damage. Something hits you.
You die...

#....# #..........# #>...#
#..........## ##....#
##..........#
##....######........###
...##.#..............# ..#
........###........<.###...#
###....####...............#
....#.....#......>....##.##
#####.###.....÷.@........# #.#
##.....{....##..## ###
#####.......######..#########
..###...##....###...##.....#.....
..##.....##...##.....##..........
###.......#...#.......#)####.....
.##...†...'...'...†(..#.## ######
..#.......#...#.......#).##
####.....##...##.....###..#


There were no monsters in sight!

Vanquished Creatures
  Natasha (D:2)
  A gnoll (D:2)
  3 adders (D:2)
  2 oozes (D:2)
  A worm (D:2)
  A dart slug (D:1)
  6 goblins
  4 hobgoblins
  4 bats
  2 frilled lizards (D:1)
  9 kobolds
  4 rats
38 creatures vanquished.

Notes
Turn   | Place    | Note
-------+----------+-------------------------------------------
     0 | D:1      | Dfrag the Demonspawn Fire Elementalist began the quest for the Orb.
     0 | D:1      | Reached XP level 1. HP: 13/13 MP: 3/3
   134 | D:1      | Gained mutation: You are slightly more attuned to the shadows. [demonic ancestry]
   134 | D:1      | Reached XP level 2. HP: 18/19 MP: 0/5
   358 | D:1      | Reached skill level 3 in Fire Magic
   785 | D:2      | Reached XP level 3. HP: 24/24 MP: 0/6
   798 | D:2      | Noticed Sigmund
   901 | D:2      | Learned a level 3 spell: Conjure Flame
  1310 | D:2      | Noticed Natasha
  1314 | D:2      | Killed Natasha
  1314 | D:2      | Gained mutation: You are significantly more attuned to the shadows. [demonic ancestry]
  1314 | D:2      | Reached XP level 4. HP: 30/30 MP: 3/7
  1693 | D:2      | Learned a level 3 spell: Mephitic Cloud
  2115 | D:2      | Slain by Sigmund

Skill      XL: |  1  2  3  4 |
---------------+-------------+-----
Dodging        | 2 |  2.4
Fire Magic     | 3 |  3.3
Stealth        | 2 |  2.3
Conjurations   | 2 |  2.0
Fighting       | |  0.2
Polearms       | |  0.8
Unarmed Combat | |  0.1
Spellcasting   | |  2.6

Action                   |  1- 3 |  4- 6 || total
-------------------------+-------+-------++-------
Melee: Unarmed           |    26 |       ||    26
       Spear             |    18 |    37 ||    55
 Cast: Flame Tongue      |    56 |    13 ||    69
       Mephitic Cloud    |       |     2 ||     2
 Stab: Sleeping          |     1 |     3 ||     4
       Confused          |       |     1 ||     1
  Eat: Chunk             |     1 |     2 ||     3
Armor: Robe              |    13 |     1 ||    14
Dodge: Dodged            |    56 |    13 ||    69
